 Dungeon Crawl Stone Soup version 0.28.0-53-g5a82cb258f (webtiles) character file.

Game seed: 2676858306874447429

21 mcbry74 the Chucker (level 3, -3/21 HPs)
             Began as a Kobold Hunter on June 22, 2022.
             Slain by Terence
             ... wielding a +0 mace
              (7 damage)
             ... on level 1 of the Dungeon.
             The game lasted 00:03:54 (1413 turns).

mcbry74 the Chucker (Kobold Hunter)                 Turns: 1413, Time: 00:03:55

Health: -3/21      AC:  3    Str:  9    XL:     3   Next: 2%
Magic:  3/3        EV: 14    Int: 14    God:
Gold:   26         SH:  0    Dex: 15    Spells: 2/2 levels left

rFire   . . .      SeeInvis .   a - +0 short sword
rCold   . . .      Faith    .   (no shield)
rNeg    . . .      Spirit   .   b - +0 leather armour
rPois   .          Reflect  .   (no helmet)
rElec   .          Harm     .   (no cloak)
rCorr   .          Rampage  .   (no gloves)
Will    .....                   (no boots)
Stlth   +++.......              (no amulet)
HPRegen 0.07/turn               (no ring)
MPRegen 0.08/turn               (no ring)

@: no status effects
A: small, no large weapons, nightstalker 3
a: no special abilities


You were on level 1 of the Dungeon.
You visited 1 branch of the dungeon, and saw 2 of its levels.

You collected 26 gold pieces.

Inventory:

Hand Weapons
 a - a +0 short sword (weapon)
Missiles
 c - 10 boomerangs (quivered)
 e - 4 atropa-tipped darts
 h - 2 poisoned darts
 i - 19 stones
Armour
 b - a +0 leather armour (worn)
Jewellery
 k - a ring of willpower
Scrolls
 g - a scroll of noise {unknown}
 j - a scroll of torment {unknown}
Potions
 f - a potion of heal wounds


   Skills:
 - Level 2.1 Fighting
 + Level 1.6 Short Blades
 + Level 4.7 Throwing
 - Level 2.4 Dodging
 + Level 2.4 Stealth


You had 2 spell levels left.
You didn't know any spells.
Your spell library was empty.

Dungeon Overview and Level Annotations

Branches:
Dungeon (2/15)

Altars:

Annotations:
D:1 Terence


Innate Abilities, Weirdness & Mutations

You are small and have problems with some larger weapons.
You are completely attuned to the shadows.


Message History

Terence is moderately wounded.
Terence barely misses you.
Throw: throwing net
Press: ? - help, Q - select action, (/) - cycle Shift-Dir - straight line, f/p - Terence
Aim: Terence, wielding a +0 mace and wearing a +0 chain mail (moderately wounded, 69% to hit)
You throw a throwing net. The throwing net hits Terence.
Terence is caught in the net!
Terence is moderately wounded.
Terence struggles against the net.
You hit Terence but do no damage.
Terence is moderately wounded.
Terence struggles against the net.
You hit Terence but do no damage.
Terence is moderately wounded.
Terence struggles against the net.
You completely miss Terence.
Terence is moderately wounded.
Terence struggles against the net.
You hit Terence but do no damage.
Terence is moderately wounded.
Terence struggles against the net.
The net rips apart, and Terence comes free!
You closely miss Terence.
Terence is moderately wounded.
Terence misses you.
You hit Terence but do no damage.
Terence is moderately wounded.
Terence barely misses you.
You hit Terence but do no damage.
Terence is moderately wounded.
Terence misses you.
You hit Terence but do no damage.
Terence is moderately wounded.
Terence hits you with a +0 mace.
* * * LOW HITPOINT WARNING * * *
You closely miss Terence.
Terence is moderately wounded.
Terence closely misses you. Terence hits you with a +0 mace!
You die...

#.# #.##.####.##.#.##### #.#
#.##................
#.###.#######>..........
#....................###
#####.############.#.### #.#
#.#..## #.# #......
#.############......
#.@@.........#......
######.........##'#.
#################.####...###.##
#.............................#
##.##############.####...###..#
#.# #.#...........# #.#
#.#.....####.## #.# #.#.....#
#... #.# ####.#.....# ####


You could see Terence.

Vanquished Creatures
  A ball python (D:1)
  3 endoplasms (D:1)
  A giant cockroach (D:1)
  4 goblins (D:1)
  3 jackals (D:1)
  2 bats (D:1)
  3 frilled lizards (D:1)
  A rat (D:1)
18 creatures vanquished.

Notes
Turn   | Place    | Note
-------+----------+-------------------------------------------
     0 | D:1      | mcbry74 the Kobold Hunter began the quest for the Orb.
     0 | D:1      | Reached XP level 1. HP: 12/12 MP: 1/1
   222 | D:1      | Reached skill level 1 in Short Blades
   222 | D:1      | Reached XP level 2. HP: 17/17 MP: 2/2
  1032 | D:1      | Reached XP level 3. HP: 21/21 MP: 3/3
  1342 | D:2      | Noticed Terence
  1413 | D:1      | Slain by Terence

Illustrated notes

Levels and vault maps discovered:
D:1:      saegor_arrival_simple_a, layout_basic
D:2:      layout_basic, serial_corexii_hall, corexii_hall_statues_t,
          chequers_hall_statues_corner_a, chequers_hall_statues_wall_a,
          uniq_sigmund, uniq_terence

Skill      XL: |  1  2 |
---------------+-------+-----
Short Blades   | 1 |  1.6
Stealth        | 2 |  2.4
Fighting       | |  2.1
Throwing       | |  4.7
Dodging        | |  2.4

Action                   || total
-------------------------++-------
Melee: Short sword       ||    72
       Punch             ||     1
Throw: Dart              ||     3
       Throwing net      ||     2
 Stab: Sleeping          ||    10
       Invisible         ||     2
Armor: Leather armour    ||     6
Dodge: Dodged            ||    39
